 Dungeon Crawl Stone Soup version 0.32-a0-656-g3542139ebd (webtiles) character file.

Game seed: 17708753596339490277

308 adelrune the Slasher (level 6, 0/46 (49) HPs)
             Began as a Demonspawn Monk on Mar 8, 2024.
             Was a Priest of Ru.
             Slain by Pikel
             ... wielding a +1 whip of freezing
              (1 damage)
             ... on level 4 of the Dungeon.
             The game lasted 00:09:05 (3393 turns).

adelrune the Slasher (Demonspawn Monk)              Turns: 3393, Time: 00:09:05

HP:   0/46 (49)     AC: 10    Str: 11    XL:     6   Next: 16%
MP:   6/6           EV: 12    Int: 11    God:    Ru [***...]
Gold: 127           SH:  0    Dex: 17    Spells: 5/5 levels left

rFire   + . .        a - +0 falchion
rCold   . . .        (shield unavailable)
rNeg    + . .        l - +1 ring mail {rF+}
rPois   +            (helmet restricted)
rElec   .            (no cloak)
rCorr   +            (no gloves)
SInv    .            o - +2 pair of boots
Will    .....        (no amulet)
Stlth   ++           (ring unavailable)
HPRegen 0.27/turn    m - ring of Tanlapt {rPois rN+ rCorr Stlth+}
MPRegen 0.20/turn

%: no passive effects
@: exhausted, drained
A: horns 1, rugged brown scales 1, magic regeneration, missing a hand
a: Renounce Religion, Draw Out Power


You were on level 4 of the Dungeon.
You worshipped Ru.
Ru was most pleased with you.
You visited 1 branch of the dungeon, and saw 4 of its levels.

You collected 127 gold pieces.

Inventory:

Hand Weapons
 a - a +0 falchion (weapon)
Missiles
 w - 6 curare-tipped darts (quivered)
Armour
 b - a +0 robe
 d - an orb of light
 l - a +1 ring mail of fire resistance (worn)
 o - a +2 pair of boots (worn)
Jewellery
 m - the ring of Tanlapt (right hand) {rPois rN+ rCorr Stlth+}
   (You found it on level 2 of the Dungeon)

   [ring of poison resistance]

   rPois:     It protects you from poison.
   rN+:       It protects you from negative energy.
   rCorr:     It protects you from acid and corrosion.
   Stlth+:    It makes you more stealthy.
 p - a ring of positive energy
 t - a ring of see invisible
Wands
 u - a wand of warping (9)
Scrolls
 f - a scroll of amnesia {unknown}
 g - 5 scrolls of identify {unknown}
 h - 5 scrolls of teleportation {unknown}
 k - 2 scrolls of revelation {unknown}
 q - a scroll of fog {unknown}
 s - a scroll of enchant weapon {unknown}
 v - a scroll of acquirement {unknown}
Potions
 c - a potion of ambrosia
 e - 3 potions of heal wounds
 i - a potion of curing {unknown}
 j - a potion of attraction
 n - 2 potions of degeneration {unknown}
 r - a potion of might {unknown}
 x - a potion of resistance {unknown}
 z - a potion of magic {unknown}


   Skills:
 + Level 4.2 Fighting
 * Level 4.9 Long Blades
 + Level 3.9 Dodging


You had 5 spell levels left.
You didn't know any spells.
Your spell library contained the following spells:

 Spells                   Type           Power      Damage    Failure   Level
 Slow                     Hex            0%         N/A       65%         1
 Lesser Beckoning         Tloc           0%         N/A       78%         2
 Confusing Touch          Hex            0%         N/A       95%         3
 Gell's Gravitas          Tloc           0%         N/A       95%         3
 Sigil of Binding         Hex            0%         N/A       95%         3
 Teleport Other           Tloc           0%         N/A       95%         3
 Vampiric Draining        Necr           0%         2d6       95%         3


Dungeon Overview and Level Annotations

Branches:
Dungeon (4/15)             Temple (0/1) D:4

Altars:
Ru

Annotations:
D:3 1 runed translucent door, Crazy Yiuf
D:4 Eustachio, Pikel


Innate Abilities, Weirdness & Mutations

You have a pair of small horns on your head.
You are partially covered in rugged brown scales. (AC +1, +3% HP)
You regenerate magic rapidly.
You are missing a hand.


Message History

Pikel hits you with a +1 whip of freezing!
Pikel freezes you.
* * * LOW HITPOINT WARNING * * *
You hit Pikel but do no damage. You headbutt Pikel, but do no damage.
Pikel is moderately wounded.
Pikel waves his whip at you.
Pikel hits you with a +1 whip of freezing.
* * * LOW HITPOINT WARNING * * *
Pikel freezes you.
* * * LOW HITPOINT WARNING * * *
You barely miss Pikel. Your headbutt misses Pikel.
Pikel is moderately wounded.
Pikel barely misses you.
You closely miss Pikel. You headbutt Pikel.
Pikel is moderately wounded.
Pikel hits you but does no damage.
You hit Pikel. Your headbutt misses Pikel.
Pikel is heavily wounded.
Pikel closely misses you. x2
You hit Pikel.
Pikel is heavily wounded.
Pikel closely misses you.
You closely miss Pikel.
Pikel is heavily wounded.
Pikel completely misses you.
You miss Pikel.
Pikel is heavily wounded.
Pikel hits you with a +1 whip of freezing!
* * * LOW HITPOINT WARNING * * *
Pikel freezes you.
* * * LOW HITPOINT WARNING * * *
Pikel closely misses you.
You see here 5 stones.
Pikel attacks as he pursues you!
Pikel hits you with a +1 whip of freezing.
* * * LOW HITPOINT WARNING * * *
Pikel freezes you.
You die...
Pikel says, "See you in Hell!" Ru respects your ultimate sacrifice.

###.# #.#.########
..5........ #.# #.#.#
#######.#.# #.# #...#
#.#.. #.# ##..####
#.#.# #.# #.....#
#.#.# #)# ##.##5##
#.#.# #.# #.##..#
#.#.. #.# ##.###K#
#....
#.#######.....@##
#..##
#.........####..#####
#.... #########.#
#......#######.###
#.#
#.##..............
#.#
#........>########
#.# ####.###### #.#
#.# #.# #.# .# #.#


You could see Pikel and a lemure.

Vanquished Creatures
  3 lemures (D:4)
  A scorpion (D:4)
  A howler monkey (D:4)
  A jelly (D:4)
  Natasha (D:2)
  4 adders
  2 ufetubi (D:4)
  2 dart slugs (D:1)
  5 orcs
  6 ball pythons
  6 endoplasms
  3 giant cockroaches
  7 goblins
  6 hobgoblins (D:1)
  3 quokkas
  9 bats
  11 kobolds
  7 rats
78 creatures vanquished.

Vanquished Creatures (others)
  Ijyb (D:3)
  Natasha (D:2)
2 creatures vanquished.

Grand Total: 80 creatures vanquished

Notes
Turn   | Place    | Note
-------+----------+-------------------------------------------
     0 | D:1      | adelrune the Demonspawn Monk began the quest for the Orb.
     0 | D:1      | Reached XP level 1. HP: 18/18 MP: 1/1
     5 | D:1      | Noticed an electric eel
   121 | D:1      | Gained mutation: You have a pair of small horns on your
                  | head. [demonic ancestry]
   121 | D:1      | Reached XP level 2. HP: 13/24 MP: 2/2
   478 | D:1      | Reached XP level 3. HP: 29/29 MP: 3/3
   964 | D:2      | Found a faded altar of an unknown god.
   967 | D:2      | Identified the ring of Tanlapt {rPois rN+ rCorr Stlth+}
   977 | D:2      | Prayed at the altar of an unknown god.
   977 | D:2      | Became a worshipper of Ru the Awakened
   985 | D:2      | Gained mutation: You are missing a hand. [Ru sacrifice]
   985 | D:2      | Reached * piety under Ru
   985 | D:2      | Reached ** piety under Ru
   985 | D:2      | Reached *** piety under Ru
  1023 | D:2      | Noticed Natasha
  1033 | D:2      | Killed Natasha
  1176 | D:2      | Noticed Natasha
  1184 | D:2      | Killed Natasha
  1185 | D:2      | Gained mutation: You are partially covered in rugged brown
                  | scales. (AC +1, +3% HP) [demonic ancestry]
  1185 | D:2      | Reached XP level 4. HP: 23/37 MP: 4/4
  1663 | D:3      | Identified the +1 spear "Eviscerator" {freeze, rN+ Str+3}
  1782 | D:3      | Found a runed translucent door.
  1783 | D:3      | Noticed Crazy Yiuf
  2128 | D:3      | Noticed Ijyb
  2151 | D:3      | Killed Ijyb
  2152 | D:3      | Reached XP level 5. HP: 17/43 MP: 5/5
  2645 | D:4      | Noticed Eustachio
  2701 | D:4      | Found a staircase to the Ecumenical Temple.
  2703 | D:4      | Noticed a lemure
  2731 | D:4      | Killed a lemure
  2964 | D:4      | Noticed a lemure
  3087 | D:4      | Gained mutation: You regenerate magic rapidly. [demonic
                  | ancestry]
  3087 | D:4      | Reached XP level 6. HP: 49/49 MP: 6/6
  3348 | D:4      | Noticed Pikel
  3388 | D:4      | HP: 1/46 [Pikel/+1 whip of freezing (2)]
  3393 | D:4      | HP: 1/46 [Pikel/+1 whip of freezing (1)]
  3393 | D:4      | Slain by Pikel

Illustrated notes

Levels and vault maps discovered:
D:1:      arrival_aquarium_a, layout_loops_cross, serial_aquarium,
          aquarium_bridge_straight [aquarium_subvault_bridge,
          aquarium_subvault_window, aquarium_subvault_bridge,
          aquarium_subvault_wall], aquarium_bridge_straight
          [aquarium_subvault_bridge, aquarium_subvault_wall,
          aquarium_subvault_bridge, aquarium_subvault_window],
          aquarium_window_1, aquarium_window_1, aquarium_window_1,
          aquarium_window_2, aquarium_view_2a, aquarium_view_2b,
          aquarium_pool_five, minmay_nonomino_d4
D:2:      layout_loops_ring, basic_ecumenical_altar, uniq_natasha
D:3:      layout_loops_ring, uniq_ijyb, uniq_crazy_yiuf_cottage
D:4:      layout_basic, minmay_temple_entry_water_ring, uniq_eustachio,
          uniq_sigmund, uniq_pikel, uniq_duvessa

Skill      XL: |  1  2  3  4  5 |
---------------+----------------+-----
Long Blades    | 3 4 |  4.9
Dodging        | 3 |  3.9
Fighting       | 4 |  4.2

Action                     |  1- 3 |  4- 6 || total
---------------------------+-------+-------++-------
  Melee: Falchion          |    86 |   164 ||   250
         Headbutt          |    10 |    32 ||    42
  Throw: Dart              |       |     1 ||     1
 Invoke: Sacrifice a Hand  |     1 |       ||     1
         Draw Out Power    |       |     1 ||     1
    Use: Potion            |       |     2 ||     2
   Stab: Sleeping          |       |     7 ||     7
         Distracted        |       |     1 ||     1
 Armour: Robe              |    34 |       ||    34
         Ring mail         |    12 |   103 ||   115
  Dodge: Dodged            |    59 |    96 ||   155

Table legend: (Time is in decaauts)
 A = Elapsed time spent in this place.
 B = Non-inter-level travel time spent in this place.
 C = Inter-level travel time spent in this place.
 D = Time resting spent in this place.
 E = Time spent auto-exploring this place.
 F = Levels seen in this place.
 G = Mean time per level.
                   A        B        C        D        E       F      G
               +--------+--------+--------+--------+--------+-----+--------+
         Total |   3425 |   3300 |    125 |    295 |   2247 |   4 |  856.2 |
       Dungeon |   3425 |   3300 |    125 |    295 |   2247 |   4 |  856.2 |
               +--------+--------+--------+--------+--------+-----+--------+

Top non-repeatable levels by time:
     D:3: 1059 daAuts
     D:1: 953 daAuts
     D:4: 722 daAuts
     D:2: 689 daAuts
